 Dungeon Crawl Stone Soup version 0.31-a0-636-ge1c0e020e0 (webtiles) character file.

Game seed: 3674442027000449425

44 AtlasWard the Chopper (level 3, -1/31 HPs)
             Began as a Draconian Gladiator on Aug 26, 2023.
             Slain by Natasha (6 damage)
             ... on level 1 of the Dungeon.
             The game lasted 00:01:48 (1247 turns).

AtlasWard the Chopper (Draconian Gladiator)         Turns: 1247, Time: 00:01:49

Health: -1/31      AC:  5    Str: 18    XL:     3   Next: 41%
Magic:  3/3        EV: 12    Int:  8    God:
Gold:   127        SH:  0    Dex: 12    Spells: 2/2 levels left

rFire   + . .        b - +0 hand axe
rCold   . . .        (no shield)
rNeg    . . .        (body armour unavailable)
rPois   .            k - +0 hat
rElec   .            (no cloak)
rCorr   .            (no gloves)
SInv    .            (no boots)
Will    .....        (no amulet)
Stlth   +            h - ring of protection from fire
HPRegen 0.25/turn    (no ring)
MPRegen 0.08/turn

%: no passive effects
@: no status effects
A: AC +5, unfitting armour, cold-blooded
a: no special abilities


You were on level 1 of the Dungeon.
You visited 1 branch of the dungeon, and saw 2 of its levels.

You collected 127 gold pieces.

Inventory:

Hand Weapons
 a - a +0 war axe
 b - a +0 hand axe (weapon)
Missiles
 c - 3 throwing nets
 d - a javelin
 j - 2 poisoned darts (quivered)
Armour
 k - a +0 hat (worn)
Jewellery
 h - a ring of protection from fire (left hand)
Scrolls
 f - 3 scrolls of identify {unknown}
Potions
 e - a potion of curing {unknown}
 g - a potion of berserk rage {unknown}
 i - a potion of enlightenment {unknown}
 l - a potion of ambrosia {unknown}


   Skills:
 + Level 3.0 Fighting
 * Level 4.0 Axes
 - Level 1.7 Throwing
 - Level 2.6 Dodging


You had 2 spell levels left.
You didn't know any spells.
Your spell library was empty.

Dungeon Overview and Level Annotations

Branches:
Dungeon (2/15)

Altars:

Annotations:
D:1 Natasha


Innate Abilities, Weirdness & Mutations

Your plain brown scales are hard. (AC +5)
You cannot fit into any form of body armour.
You are cold-blooded and may be slowed by cold attacks.


Message History

The magic dart hits you.
You hit Natasha.
Natasha is lightly wounded.
Natasha claws you.
* * * LOW HITPOINT WARNING * * *
You hit Natasha.
Natasha is heavily wounded.
Natasha casts a spell at you. You resist with significant effort.
You completely miss Natasha.
Natasha is heavily wounded.
Natasha casts a spell at you. The magic dart hits you.
* * * LOW HITPOINT WARNING * * *
You hit Natasha.
Natasha is heavily wounded.
Natasha claws you.
* * * LOW HITPOINT WARNING * * *
Natasha closely misses you.
You closely miss Natasha.
Natasha is heavily wounded.
Natasha barely misses you.
You barely miss Natasha.
Natasha is heavily wounded.
Natasha closely misses you.
You miss Natasha.
Natasha is heavily wounded.
Natasha stares at you and mumbles some strange words.
You resist with significant effort.
You hit Natasha.
Your tail-slap misses Natasha.
Natasha is severely wounded.
Natasha barely misses you.
You hit Natasha but do no damage. Your punch misses Natasha.
Natasha is severely wounded.
Natasha barely misses you.
You hit Natasha.
Natasha is almost dead.
Natasha claws you.
You die...
Natasha curls up and begins to purr.

.#................####...........
##...###........#'####...........
##...+.'...............####......
##...###.................##....#'
##...#####...............##....#.
##...+...................##....#'
##...##......##..................
......#......##h.......#.........
#...#.#.........@###'#.#.........
......'..........'...#.##........
#.....#..........#.###.##........
#..####..........#..##.##........
......+..........'..............>
...####..........##......#...#+##
......(......######......#......#
.............#...........###.....
.........................###.....


You could see Natasha.

Vanquished Creatures
  Natasha (D:1)
  A worm (D:2)
  A goblin (D:1)
  3 hobgoblins
  3 quokkas
  2 ball pythons
  3 bats (D:1)
  2 frilled lizards
  3 rats
19 creatures vanquished.

Notes
Turn   | Place    | Note
-------+----------+-------------------------------------------
     0 | D:1      | AtlasWard the Draconian Gladiator began the quest for the
                  | Orb.
     0 | D:1      | Reached XP level 1. HP: 17/17 MP: 1/1
   329 | D:1      | Reached XP level 2. HP: 25/25 MP: 2/2
   487 | D:2      | Noticed Natasha
   572 | D:1      | Killed Natasha
   573 | D:1      | Reached XP level 3. HP: 4/30 MP: 3/3
   775 | D:2      | Reached skill level 4 in Axes
  1023 | D:2      | Found a faded altar of an unknown god.
  1231 | D:1      | Noticed Natasha
  1247 | D:1      | Slain by Natasha

Illustrated notes

Levels and vault maps discovered:
D:1:      spicycebolla_green_bress_n_ham, layout_basic
D:2:      layout_basic, chequers_ecumenical_altar_simple, kennysheep_nub,
          uniq_natasha

Skill      XL: |  1  2  3 |
---------------+----------+-----
Axes           | 4 |  4.0
Fighting       | 3 |  3.0
Throwing       | |  1.7
Dodging        | |  2.6

Action                     || total
---------------------------++-------
  Melee: War axe           ||    60
         Tailslap          ||     6
         Hand axe          ||    14
 Armour: Skin              ||    17
  Dodge: Dodged            ||    49

Table legend: (Time is in decaauts)
 A = Elapsed time spent in this place.
 B = Non-inter-level travel time spent in this place.
 C = Inter-level travel time spent in this place.
 D = Time resting spent in this place.
 E = Time spent auto-exploring this place.
 F = Levels seen in this place.
 G = Mean time per level.
                   A        B        C        D        E       F      G
               +--------+--------+--------+--------+--------+-----+--------+
         Total |   1269 |   1248 |     21 |      0 |   1003 |   2 |  634.5 |
       Dungeon |   1269 |   1248 |     21 |      0 |   1003 |   2 |  634.5 |
               +--------+--------+--------+--------+--------+-----+--------+

Top non-repeatable levels by time:
     D:1: 722 daAuts
     D:2: 546 daAuts
